 Dungeon Crawl Stone Soup version 0.23-a0-329-g6f3f904 (webtiles) character file.

5976 iamserjio the Geomancer (level 10, -8/50 HPs)
             Began as a Deep Elf Earth Elementalist on Oct 16, 2018.
             Was a High Priest of Vehumet.
             Shot with an arrow by a centaur (19 damage)
             ... on level 9 of the Dungeon.
             The game lasted 00:23:20 (9431 turns).

iamserjio the Geomancer (DEEE)                      Turns: 9431, Time: 00:23:20

Health: -8/50      AC: 13    Str:  5    XL:     10   Next: 55%
Magic:  21/26      EV: 18    Int: 24    God:    Vehumet [*****.]
Gold:   562        SH:  0    Dex: 19    Spells: 10/29 levels left

rFire    . . .     SeeInvis .   S - +0 quarterstaff (protect)
rCold    . . .     Gourm    .   (shield currently unavailable)
rNeg     . . .     Faith    .   R - +3 leather armour of Uskayaw's Envy {+Fly rElec Dex+4}
rPois    .         Spirit   .   (no helmet)
rElec    +         Reflect  .   f - +1 cloak
rCorr    .         Harm     +   x - +1 pair of gloves
MR       ++...                  C - +0 pair of boots
Stlth    ++........             a - amulet of harm
HPRegen  0.16/turn              L - ring of protection from magic
MPRegen  0.20/turn              r - +2 ring of protection

@: very slightly contaminated, invisible
A: no striking features
a: Renounce Religion, Evoke Flight


You were on level 9 of the Dungeon.
You worshipped Vehumet.
Vehumet was extremely pleased with you.
You were not hungry.

You visited 2 branches of the dungeon, and saw 10 of its levels.

You collected 562 gold pieces.

Inventory:

Hand Weapons
 S - a +0 quarterstaff of protection (weapon)
Missiles
 n - 104 arrows
 D - 21 stones (quivered)
Armour
 f - a +1 cloak (worn)
 x - a +1 pair of gloves (worn)
 C - a +0 pair of boots (worn)
 R - the +3 leather armour of Uskayaw's Envy (worn) {+Fly rElec Dex+4}
   (You took it off an orc on level 8 of the Dungeon)

   It affects your dexterity (+4).
   It insulates you from electricity.
   It lets you fly.
Jewellery
 a - an amulet of harm (around neck)
 r - a +2 ring of protection (right hand)
 y - an uncursed ring of protection from fire
 A - an uncursed ring of protection from cold
 L - a ring of protection from magic (left hand)
Wands
 u - a wand of digging (11)
 F - a wand of polymorph (33)
 I - a wand of scattershot (1)
 J - a wand of flame (35)
 Q - a wand of acid (7)
Scrolls
 e - a scroll of blinking {unknown}
 g - 5 scrolls of remove curse {@r2}
 j - a scroll of magic mapping {unknown}
 o - 3 scrolls of immolation {unknown}
 q - 2 scrolls of amnesia {unknown}
 s - a scroll of enchant armour {unknown}
 t - 3 scrolls of random uselessness {unknown}
 z - 6 scrolls of teleportation {unknown}
 B - a scroll of fog {unknown}
 E - a scroll of enchant weapon {unknown}
 H - a scroll of noise {unknown}
 N - a scroll of torment {unknown}
Potions
 b - 3 potions of curing {@q1}
 h - 3 potions of berserk rage
 i - a potion of brilliance
 k - 2 potions of magic
 l - a potion of might
 m - 3 potions of cancellation
 p - 2 potions of flight
 v - 3 potions of agility
 K - 2 potions of haste
 M - 4 potions of degeneration {unknown}
Comestibles
 d - 23 rations


   Skills:
 + Level 9.5 Dodging
 - Level 2.4 Stealth
 + Level 10.4 Spellcasting
 - Level 4.2 Conjurations
 - Level 1.1 Transmutations
 * Level 12.1 Earth Magic


You had 10 spell levels left.
You knew the following spells:

 Your Spells              Type           Power        Failure   Level  Hunger
a - Sandblast             Erth           ######       1%          1    None
b - Stone Arrow           Conj/Erth      ######       1%          3    None
c - Lee's Rapid Deconstr  Erth           ######....   1%          5    ####...
d - Passwall              Tmut/Erth      #####...     1%          2    None
e - Conjure Flame         Conj/Fire      ###.....     3%          3    None
f - Yara's Violent Unrav  Hex/Tmut       ###.......   41%         5    ####...

Your spell library contained the following spells:

 Spells                   Type           Power        Failure   Level  Hunger
 Venom Bolt               Conj/Pois      ###.......   24%         5    ####...
 Throw Frost              Conj/Ice       ###...       1%          2    None
 Freeze                   Ice            ##..         2%          1    None
 Dazzling Spray           Conj/Hex       ###...       3%          3    None
 Petrify                  Tmut/Erth      #####...     5%          4    None
 Corona                   Hex            ##.....      9%          1    None
 Throw Icicle             Conj/Ice       ###.....     10%         4    None
 Ensorcelled Hibernation  Hex/Ice        ##....       13%         2    None
 Confuse                  Hex            ##......     26%         3    None
 Ozocubu's Armour         Chrm/Ice       ##......     26%         3    None
 Tukima's Dance           Hex            ##......     26%         3    None
 Summon Ice Beast         Ice/Summ       ##......     63%         4    None


Dungeon Overview and Level Annotations

Branches:
Dungeon (9/15)             Temple (1/1) D:4            Lair (0/6) D:8
    Orc: D:9-12

Altars:
Ashenzari
Cheibriados
Dithmenos
Elyvilon
Fedhas
Gozag
Hepliaklqana
Kikubaaqudgha
Makhleb
Nemelex Xobeh
Okawaru
Qazlal
Ru
Sif Muna
Trog
Uskayaw
Vehumet
Wu Jian
Xom
Yredelemnul
Zin
The Shining One

Shops:
D:6 [

Annotations:
D:7 3 runed doors, epen's ghost, novice GnGl; epen's ghost, novice HOMo


Message History

The blast of sand hits the centaur.
D - 23 stones The centaur shoots an arrow.
Casting: Sandblast (safe; 1% risk of failure)
Aiming: Sandblast (safe; 1% risk of failure)
Aim: a centaur, wielding a +0 shortbow (severely wounded)
The blast of sand hits the centaur.
You kill the centaur!
Vehumet accepts your kill.
You feel your power returning.
D - 22 stones The centaur shoots an arrow.
The arrow closely misses you.
The centaur shoots an arrow.
The arrow misses you.
Casting: Sandblast (safe; 1% risk of failure)
Aiming: Sandblast (safe; 1% risk of failure)
Aim: a centaur, wielding a +0 shortbow The blast of sand hits the centaur.
D - 21 stones The centaur shoots an arrow.
The arrow hits you!
You die...

.......###.#..
..........>..
............ ....
........... .c..
.......?..# .....
..........##.....
.......)...c....)
.......@.........
........(......#
.......†.(.....#
....(.....(......
.....†...(.......
....##...#.......
.................
###..............
...............


You could see a centaur.

Vanquished Creatures
  Prince Ribbit (D:8)
  3 hippogriffs
  3 yaks (D:5)
  Grum (D:8)
  Menkaure (D:5)
  A water moccasin (D:6)
  2 sky beasts
  A necrophage (D:8)
  4 orc warriors
  2 ice beasts
  A phantom (D:6)
  3 wolves (D:8)
  3 ogres
  4 centaurs
  A big kobold (D:8)
  2 bullfrogs
  A scorpion (D:7)
  5 killer bees (D:9)
  9 wights
  4 electric eels (D:6)
  A bullfrog zombie (D:7)
  4 howler monkeys
  A crimson imp (D:5)
  A quasit (D:7)
  3 hounds
  4 jellies
  2 centaur skeletons (D:6)
  3 orc priests
  11 orc wizards
  7 worker ants
  3 iguanas
  A killer bee zombie (D:5)
  3 hound skeletons
  2 worker ant zombies
  A howler monkey skeleton (D:5)
  A howler monkey zombie (D:8)
  14 adders
  11 gnolls
  2 shadow imps
  An ooze (D:3)
  3 adder zombies
  An adder skeleton (D:6)
  3 worms
  7 dart slugs
  8 leopard geckos
  47 orcs
  3 ball pythons
  7 bats
  A giant cockroach (D:1)
  4 goblins
  7 hobgoblins
  2 jackals (D:3)
  10 quokkas
  9 frilled lizards
  A jackal skeleton (D:7)
  15 kobolds
  A leopard gecko zombie (D:6)
  6 rats
263 creatures vanquished.

Vanquished Creatures (others)
  A plant (D:8)
  3 withered plants (D:7)
4 creatures vanquished.

Grand Total: 267 creatures vanquished

Notes
Turn   | Place    | Note
-------+----------+-------------------------------------------
     0 | D:1      | iamserjio the Deep Elf Earth Elementalist began the quest
                  | for the Orb.
     0 | D:1      | Reached XP level 1. HP: 10/10 MP: 6/6
   427 | D:1      | Reached XP level 2. HP: 15/15 MP: 5/8
  1057 | D:2      | Reached skill level 4 in Earth Magic
  1088 | D:2      | Reached XP level 3. HP: 19/19 MP: 6/10
  1204 | D:2      | Learned a level 3 spell: Stone Arrow
  1417 | D:2      | Reached XP level 4. HP: 17/24 MP: 0/11
  1433 | D:2      | Reached skill level 1 in Conjurations
  1593 | D:2      | Found a basalt altar of Yredelemnul.
  1599 | D:2      | Found a burning altar of Makhleb.
  1605 | D:2      | Found a white marble altar of Elyvilon.
  1684 | D:2      | Found a shimmering altar of Xom.
  2066 | D:3      | Reached XP level 5. HP: 21/28 MP: 9/13
  2214 | D:3      | Reached skill level 5 in Earth Magic
  3003 | D:4      | Reached XP level 6. HP: 32/32 MP: 4/14
  3520 | D:4      | Reached skill level 5 in Spellcasting
  3790 | D:4      | Found a staircase to the Ecumenical Temple.
  3806 | D:4      | Reached skill level 6 in Earth Magic
  3817 | Temple   | Entered the Ecumenical Temple
  3967 | Temple   | Became a worshipper of Vehumet
  4014 | D:4      | Learned a level 5 spell: Lee's Rapid Deconstruction
  4017 | D:4      | Learned a level 2 spell: Passwall
  4278 | D:4      | Reached XP level 7. HP: 36/36 MP: 9/16
  4487 | D:5      | Entered Level 5 of the Dungeon
  4542 | D:5      | Found a sacrificial altar of Ru.
  4586 | D:5      | Reached skill level 5 in Dodging
  4718 | D:5      | Noticed a yak
  4718 | D:5      | Noticed a yak
  4772 | D:5      | Noticed a yak
  4876 | D:5      | Killed a yak
  4876 | D:5      | Reached skill level 7 in Earth Magic
  4876 | D:5      | Killed a yak
  4876 | D:5      | Reached XP level 8. HP: 41/41 MP: 7/19
  4889 | D:5      | Reached * piety under Vehumet
  4889 | D:5      | Offered knowledge of Sting by Vehumet.
  5186 | D:5      | Noticed Menkaure
  5245 | D:5      | Reached skill level 8 in Earth Magic
  5469 | D:5      | Killed Menkaure
  6159 | D:6      | Reached skill level 9 in Earth Magic
  6235 | D:6      | Found an opulent altar of Gozag.
  6240 | D:6      | Offered knowledge of Shock by Vehumet.
  6240 | D:6      | Reached XP level 9. HP: 45/45 MP: 11/22
  6257 | D:6      | Reached ** piety under Vehumet
  6632 | D:6      | Found Damaguru's Armour Shoppe.
  6758 | D:6      | Found a hide-covered altar of Uskayaw.
  6758 | D:6      | Noticed a dagger
  6758 | D:6      | Noticed a hand axe
  6919 | D:6      | Offered knowledge of Conjure Flame by Vehumet.
  6974 | D:6      | Learned a level 3 spell: Conjure Flame
  7313 | D:6      | Got a fine whip
  7314 | D:6      | Identified the +8 whip "Javirut" {drain, *Drain rElec Str-2
                  | Dex+7} (You found it on level 6 of the Dungeon)
  7337 | D:7      | Reached skill level 10 in Earth Magic
  7343 | D:7      | Reached *** piety under Vehumet
  7589 | D:7      | Found a runed gate.
  7590 | D:7      | Found a runed gate.
  7591 | D:7      | Found a runed gate.
  7596 | D:7      | Offered knowledge of Force Lance by Vehumet.
  7669 | D:7      | Found a flagged portal.
  7860 | D:7      | Reached skill level 11 in Earth Magic
  7866 | D:7      | Noticed epen's ghost (novice GnGl)
  7866 | D:7      | Noticed epen's ghost (novice HOMo)
  7867 | D:7      | Noticed epen's ghost (novice GnGl)
  8172 | D:8      | Noticed Prince Ribbit
  8175 | D:8      | Killed Prince Ribbit
  8175 | D:8      | Reached XP level 10. HP: 50/50 MP: 13/25
  8335 | D:8      | Reached **** piety under Vehumet
  8348 | D:8      | Offered knowledge of Yara's Violent Unravelling by Vehumet.
  8362 | D:8      | Learned a level 5 spell: Yara's Violent Unravelling
  8415 | D:8      | Found a staircase to the Lair.
  8417 | D:8      | Noticed Grum
  8451 | D:8      | Identified the +3 leather armour of Uskayaw's Envy {+Fly
                  | rElec Dex+4}
  8838 | D:8      | Killed Grum
  8838 | D:8      | Reached skill level 10 in Spellcasting
  9083 | D:8      | Reached skill level 12 in Earth Magic
  9423 | D:9      | Reached ***** piety under Vehumet
  9424 | D:9      | Offered knowledge of Venom Bolt by Vehumet.
  9431 | D:9      | Shot with an arrow by a centaur

Vault maps used:
D:1:      psy_arrival_basics
D:2:      marbit_many_paths, minitemple
D:3:      wad_woods_tower
D:4:      minmay_temple_entry_crystal_x, first_ration
D:5:      nicolae_ru_great_annihilating_truth, uniq_menkaure
D:6:      kennysheep_slugbush, dancing_weapons_uskayaw, serial_shops, shop,
          basic_altar
D:7:      gammafunk_ghost_cemetery, enter_bailey_2,
          hangedman_abyss_or_decor_slice
D:8:      dpeg_oklobed_lair, serial_curves, eino_curves_01, eino_curves_04,
          blue_anna_alchemist, uniq_prince_ribbit1, uniq_grum
D:9:      kennysheep_blocky_room, orc_0_dummy, grunt_ministairs_3,
          sword_in_stone
Temple:   regret_index_temple_sphere_string

Skill      XL: |  1  2  3  4  5  6  7  8  9 10 |
---------------+-------------------------------+-----
Earth Magic    | 4 5 6 7 9 11 12 | 12.1
Dodging        | 3 4 5 7 8 9 |  9.5
Conjurations   | 1 2 3 4 |  4.2
Spellcasting   | 4 5 6 7 9 10 | 10.4
Stealth        | |  2.4
Transmutations | |  1.1

Action                   |  1- 3 |  4- 6 |  7- 9 | 10-12 || total
-------------------------+-------+-------+-------+-------++-------
Melee: Unarmed           |     2 |    46 |    31 |       ||    79
 Cast: Sandblast         |    47 |    36 |    30 |    29 ||   142
       Stone Arrow       |     6 |    49 |   133 |    29 ||   217
       Lee's Rapid Decon |       |       |    11 |     8 ||    19
       Passwall          |       |       |       |     1 ||     1
Evoke: Wand              |       |       |     1 |     5 ||     6
  Use: Potion            |       |       |     1 |     3 ||     4
       Scroll            |       |       |    10 |     3 ||    13
 Stab: Paralysed         |       |       |     1 |       ||     1
  Eat: Chunk             |     2 |    11 |    16 |     5 ||    34
Armor: Robe              |     3 |    16 |     9 |     5 ||    33
Dodge: Dodged            |    12 |    61 |    38 |    39 ||   150

Table legend:
 A = Non-vault XP
 B = Vault XP
 C = Vault XP percentage of total XP
 D = Non-vault monster count
 E = Vault monster count
 F = Vault count percentage of total count
                 A         B        C        D         E       F
            +---------+---------+-------+---------+---------+-------
      Total |    7368 |    1170 |  13.7 |     241 |      22 |   8.4
            +---------+---------+-------+---------+---------+-------
        D:1 |      27 |       0 |   0.0 |      17 |       0 |   0.0
        D:2 |     113 |       2 |   1.7 |      29 |       1 |   3.3
        D:3 |     146 |      37 |  20.2 |      31 |       6 |  16.2
        D:4 |     456 |       0 |   0.0 |      26 |       0 |   0.0
        D:5 |    1499 |     219 |  12.7 |      27 |       5 |  15.6
        D:6 |    1209 |      16 |   1.3 |      38 |       4 |   9.5
        D:7 |    1731 |       0 |   0.0 |      33 |       0 |   0.0
        D:8 |    1740 |     896 |  34.0 |      33 |       6 |  15.4
        D:9 |     447 |       0 |   0.0 |       7 |       0 |   0.0
            +---------+---------+-------+---------+---------+-------
